 Dungeon Crawl Stone Soup version 0.14-a0-1653-g0ad7a2c (webtiles) character file.

1043 M4edhros the Covert (level 8, -1/48 HPs)
             Began as an Octopode Artificer on Dec 27, 2013.
             Was a Believer of Fedhas.
             Slain by an orc warrior
             ... wielding a +1,+3 orcish halberd
              (24 damage)
             ... on Level 7 of the Dungeon on Dec 28, 2013.
             The game lasted 00:11:14 (5189 turns).

M4edhros the Covert (Octopode Artificer)            Turns: 5189, Time: 00:11:14

HP  -1/48        AC  1     Str 10      XL: 8   Next:  1%
MP  18/18        EV 12     Int 16      God: Fedhas [**....]
Gold 188         SH  0     Dex 13      Spells:  0 memorised,  7 levels left

rFire  . . .     SeeInvis .     n - +1,+3 quarterstaff (drain)
rCold  . . .     Clarity  +     (no shield)
rNeg   . . .     Conserve .     q - +0 orc wizard hat
rPois  .         rCorr    .     h - cursed amulet of clarity
rElec  .         rRot     .     (no ring)
SustAb . .       Spirit   .     (no ring)
rMut   .         Warding  .     (no ring)
Saprov . . .     Stasis   .     (no ring)
                                (no ring)
                                (no ring)
                                (no ring)
                                (no ring)

@: slightly resistant to hostile enchantments, extremely stealthy
A: almost no armour, amphibious, 8 rings, constrict 8, camouflage 1, gelatinous
body 1
a: Evolution, Sunlight, Renounce Religion


You were on level 7 of the Dungeon.
You worshipped Fedhas.
Fedhas was pleased with you.
You were not hungry.

You visited 1 branch of the dungeon, and saw 7 of its levels.

You collected 188 gold pieces.

Inventory:

Hand weapons
 a - a +0,+0 short sword
 f - a +0,+0 dagger of venom
 n - a +1,+3 quarterstaff of draining (weapon)
Armour
 i - a +0 buckler
 q - a +0 orcish wizard hat (worn)
Magical devices
 c - a wand of enslavement (6)
 d - a wand of random effects (6)
 u - a wand of cold (8)
 w - a wand of paralysis (8)
Comestibles
 g - 4 meat rations
 s - a pear
Scrolls
 b - a scroll of fear
 j - 2 scrolls of teleportation
 l - a scroll of magic mapping
 m - a scroll of identify
 p - 2 scrolls of amnesia
Jewellery
 h - a cursed amulet of clarity (around mantle)
 o - an uncursed amulet of faith
Potions
 e - a potion of brilliance
 k - a potion of magic


   Skills:
 - Level 1.0 Fighting
 - Level 1.0 Short Blades
 - Level 2.0 Dodging
 - Level 9.0 Stealth
 + Level 6.5 Invocations
 - Level 3.2 Evocations


You had 7 spell levels left.
You didn't know any spells.

Dungeon Overview and Level Annotations

Branches:
Dungeon (7/16)             Temple (0/1) D:5

Altars:
Ashenzari
Cheibriados
Fedhas
Zin

Annotations:
D:3 Restia's ghost, weakling GrFi
D:6 exclusion: electric eel
D:7 exclusion: crocodile


Innate Abilities, Weirdness & Mutations

You cannot wear most types of armour.
You are amphibious.
You can wear up to eight rings at the same time.
You can use your tentacles to constrict many enemies at once.
Your skin changes colour to match your surroundings (Stlth).
Your rubbery body absorbs attacks (AC +1).


Message History

Evoke which item? (* to show all) (? for menu, Esc to quit)
Zapping:
w - a wand of paralysis (9)
Press: ? - help, Shift-Dir - straight line, f/p - orc warrior
Aim: an orc warrior, wielding an orcish halberd and wearing an orcish chain mail The orc warrior suddenly stops moving!
This wand has 8 charges left.
There is a stone staircase leading up here.
The helpless orc warrior fails to defend itself.
You hit the orc warrior. You drain the orc warrior! You grab the orc warrior.
The orc warrior is lightly wounded.
You constrict the orc warrior, but do no damage.
The helpless orc warrior fails to defend itself.
You hit the orc warrior. You drain the orc warrior!
You squeeze the orc warrior, but do no damage.
The orc warrior is lightly wounded.
You constrict the orc warrior, but do no damage.
The orc warrior is no longer paralysed.
The orc warrior hits you with an orcish halberd!
Ouch! That really hurt!
You die...
Fedhas appreciates your contribution to the ecosystem.

..............#
...............#
........).......##
..................##
....................
....................
....................#
.......).<.<........#
..........@.........##
.........o..........###...
..........................
..................###.....
.................## ....
......f..........# ....
###..............## ##....
##..............###..... .
#.........###..........


You could see an orc warrior and a friendly wandering mushroom (dormant).

Vanquished Creatures
  An ogre (D:4)
  2 orc priests
  A hound (D:7)
  An iguana (D:4)
  A hound skeleton (D:6)
  An orc wizard (D:4)
  A scorpion (D:5)
  A worker ant (D:4)
  10 adders
  A giant mite (D:2)
  2 worms
  An iguana skeleton (D:4)
  6 orcs
  2 ball pythons
  6 hobgoblins
  4 jackals (D:5)
  3 quokkas
  10 bats
  7 giant cockroaches
  2 giant newts (D:1)
  4 goblins
  A hobgoblin zombie (D:5)
  12 kobolds
  11 rats
91 creatures vanquished.

Vanquished Creatures (collateral kills)
  A wandering mushroom (D:7)
  2 ice beasts (D:5)
  A necrophage (D:5)
  An ogre (D:5)
  An orc warrior (D:5)
  A crocodile (D:7)
  A hippogriff skeleton (D:5)
  An orc priest (D:4)
  3 orc wizards
  2 worker ants
  2 iguanas
  A goliath beetle (D:7)
  An adder (D:4)
  3 orcs (D:4)
  A goblin (D:7)
  A kobold (D:3)
  A quokka (D:3)
  A giant newt (D:3)
  An orc skeleton (D:5)
26 creatures vanquished.

Vanquished Creatures (others)
  2 wandering mushrooms
  49 toadstools
51 creatures vanquished.

Grand Total: 168 creatures vanquished

Notes
Turn   | Place    | Note
--------------------------------------------------------------
     0 | D:1      | M4edhros, the Octopode Artificer, began the quest for the Orb.
     0 | D:1      | Reached XP level 1. HP: 13/13 MP: 1/1
   205 | D:1      | Reached XP level 2. HP: 18/18 MP: 3/3
   462 | D:2      | Reached skill level 4 in Stealth
   462 | D:2      | Reached XP level 3. HP: 12/23 MP: 4/4
   983 | D:3      | Noticed Restia's ghost (weakling GrFi)
  1244 | D:3      | Reached skill level 5 in Stealth
  1313 | D:3      | Reached XP level 4. HP: 10/28 MP: 6/6
  1515 | D:3      | Found a blossoming altar of Fedhas.
  1522 | D:3      | Found a shattered altar of Ashenzari.
  1522 | D:3      | Found a snail-covered altar of Cheibriados.
  1522 | D:3      | Found a glowing silver altar of Zin.
  1533 | D:3      | Became a worshipper of Fedhas Madash
  2113 | D:2      | Reached skill level 6 in Stealth
  2527 | D:4      | Reached skill level 7 in Stealth
  2527 | D:4      | Reached XP level 5. HP: 20/33 MP: 7/7
  2656 | D:4      | Noticed an ogre
  2660 | D:4      | Killed an ogre
  2660 | D:4      | Reached skill level 8 in Stealth
  2740 | D:4      | Acquired Fedhas' first power
  2752 | D:4      | Reached XP level 6. HP: 17/38 MP: 7/9
  3535 | D:4      | Reached skill level 9 in Stealth
  3712 | D:4      | Reached skill level 1 in Invocations
  3888 | D:5      | Entered Level 5 of the Dungeon
  3984 | D:5      | Reached XP level 7. HP: 43/43 MP: 9/11
  4177 | D:5      | Killed a necrophage
  4248 | D:5      | Found a staircase to the Ecumenical Temple.
  4268 | D:5      | Reached skill level 5 in Invocations
  4456 | D:5      | Acquired Fedhas' second power
  4961 | D:7      | Reached XP level 8. HP: 12/48 MP: 16/18
  5189 | D:7      | Slain by an orc warrior

Action                   |  1- 3 |  4- 6 |  7- 9 || total
-------------------------+-------+-------+-------++-------
Melee: Short sword       |    50 |     5 |       ||    55
       Quarterstaff      |       |    63 |    43 ||   106
       Dagger            |       |    14 |       ||    14
Invok: Evolution         |       |     2 |     2 ||     4
Evoke: Wand              |     6 |    20 |     9 ||    35
  Use: Scroll            |     4 |     7 |     6 ||    17
       Potion            |     3 |     5 |       ||     8
 Stab: Sleeping          |     5 |    10 |     4 ||    19
       Distracted        |     1 |     1 |     1 ||     3
       Paralysed         |       |       |     2 ||     2
